 Dungeon Crawl Stone Soup version 0.29.1-15-g9cfb28693d (webtiles) character file.

Game seed: 852536908400639648

4 Cheops the Slasher (level 1, 0/12 (16) HPs)
             Began as a Demonspawn Gladiator on Apr 14, 2023.
             Slain by a kobold
             ... wielding a +0 short sword of draining
              (1 damage)
             ... on level 1 of the Dungeon.
             The game lasted 00:00:11 (65 turns).

Cheops the Slasher (Demonspawn Gladiator)             Turns: 65, Time: 00:00:12

HP:   0/12 (16)     AC:  4    Str: 14    XL:     1   Next: 50%
MP:   1/1           EV: 12    Int:  9    God:
Gold: 0             SH:  0    Dex: 14    Spells: 0/0 levels left

rFire   . . .      SeeInvis .   a - +0 long sword
rCold   . . .      Faith    .   (no shield)
rNeg    . . .      Spirit   .   b - +0 leather armour
rPois   .          Reflect  .   c - +0 helmet
rElec   .          Harm     .   (no cloak)
rCorr   .          Rampage  .   (no gloves)
Will    .....                   (no boots)
Stlth   +.........              (no amulet)
HPRegen 0.04/turn               (no ring)
MPRegen 0.07/turn               (no ring)

@: very heavily drained
A: no striking features
a: no special abilities


You were on level 1 of the Dungeon.
You visited 1 branch of the dungeon, and saw 1 of its levels.

Inventory:

Hand Weapons
 a - a +0 long sword (weapon)
Missiles
 d - 3 throwing nets (quivered)
 e - a javelin
Armour
 b - a +0 leather armour (worn)
 c - a +0 helmet (worn)
Scrolls
 f - a scroll of poison {unknown}
 g - a scroll of immolation {unknown}


   Skills:
 - Level 2.0 Fighting
 + Level 3.0 Long Blades
 - Level 1.7 Throwing
 - Level 2.6 Dodging


You couldn't memorise any spells.
You didn't know any spells.
Your spell library was empty.

Dungeon Overview and Level Annotations

Branches:
Dungeon (1/15)

Altars:


Message History

The frilled lizard closely misses you.
You barely miss the frilled lizard. The frilled lizard closely misses you.
You miss the frilled lizard. The frilled lizard closely misses you.
You miss the frilled lizard.
The rat twitches its whiskers.
The frilled lizard closely misses you. The frilled lizard barely misses you.
A kobold comes into view.
It is wielding a +0 short sword of draining.
You completely miss the frilled lizard. The frilled lizard closely misses you.
You closely miss the frilled lizard.
The kobold shouts!
The frilled lizard bites you but does no damage.
You closely miss the frilled lizard. The frilled lizard closely misses you.
You barely miss the frilled lizard.
The frilled lizard barely misses you. x2
You slash the frilled lizard!
You kill the frilled lizard!
Your Long Blades skill increases to level 3!
You barely miss the kobold. The kobold hits you but does no damage.
You feel drained.
You closely miss the kobold.
The kobold hits you with a +0 short sword of draining.
You feel drained.
* * * LOW HITPOINT WARNING * * *
You hit the kobold.
The kobold is severely wounded.
The kobold completely misses you.
The kobold hits you with a +0 short sword of draining.
* * * LOW HITPOINT WARNING * * *
You feel drained.
You closely miss the kobold.
The kobold is heavily wounded.
The kobold barely misses you.
You barely miss the kobold.
The kobold is heavily wounded.
The kobold closely misses you.
You completely miss the kobold.
The kobold is heavily wounded.
The kobold hits you with a +0 short sword of draining.
* * * LOW HITPOINT WARNING * * *
You feel drained.
You die...

.......... .......... .
.........♣ #. ..
...♣.....# .. #..
#.......## #.
#..###♣......∩# ..
...###♣.♣.###.
#.#.#.######...#########
.....rK@............#...
#.#.#.#####[............
.. #........##... #.
#........##... .?
#...##.####... #.
#...##.# #... # #...##.#
#... #...##.# #...
#...##.# ....


You could see a kobold and a rat.

Vanquished Creatures
  A ball python (D:1)
  A bat (D:1)
  A frilled lizard (D:1)
  A kobold (D:1)
  A rat (D:1)
5 creatures vanquished.

Notes
Turn   | Place    | Note
-------+----------+-------------------------------------------
     0 | D:1      | Cheops the Demonspawn Gladiator began the quest for the
                  | Orb.
     0 | D:1      | Reached XP level 1. HP: 16/16 MP: 1/1
    60 | D:1      | Reached skill level 3 in Long Blades
    65 | D:1      | Slain by a kobold

Illustrated notes

Levels and vault maps discovered:
D:1:      nzn_arrival_settlement, layout_basic, st_stairs_11

Skill      XL: |  1 |
---------------+----+-----
Long Blades    | 3 |  3.0
Fighting       | |  2.0
Throwing       | |  1.7
Dodging        | |  2.6

Action                   || total
-------------------------++-------
Melee: Long sword        ||    19
Armor: Leather armour    ||     3
Dodge: Dodged            ||    15
